 Dungeon Crawl Stone Soup version 0.27-a0-1555-g0e7b3fb1d2 (webtiles) character file.

Game seed: 755595735340574944

753 lunkers the Grappler (level 7, -5/55 HPs)
             Began as a Ghoul Warper on July 14, 2021.
             Slain by a wraith (8 damage)
             ... in an ossuary.
             The game lasted 00:08:30 (5717 turns).

lunkers the Grappler (Ghoul Warper)                 Turns: 5717, Time: 00:08:31

Health: -5/55      AC:  6    Str: 15    XL:     7   Next: 78%
Magic:  8/8        EV: 10    Int:  8    God:
Gold:   224        SH:  0    Dex: 10    Spells: 7/9 levels left

rFire    . . .     SeeInvis .     - Unarmed
rCold    + . .     Faith    .   (no shield)
rNeg     + + +     Spirit   .   i - +0 ring mail
rPois    ∞         Reflect  .   (no helmet)
rElec    .         Harm     .   h - +0 cloak
rCorr    .         Rampage  .   (no gloves)
Will     .....                  (no boots)
Stlth    ..........             (no amulet)
HPRegen  0.00/turn              (no ring)
MPRegen  0.11/turn              (no ring)

@: slowed, very slow
A: claws 1, cold resistance 1, negative energy resistance 3, inhibited
regeneration, torment resistance 2
a: no special abilities


You were in an ossuary.
You visited 1 branch of the dungeon, and saw 5 of its levels.
You also visited: Ossuary.

You collected 224 gold pieces.

Inventory:

Missiles
 c - 5 boomerangs of dispersal
 g - 7 boomerangs
Armour
 a - a +0 leather armour
 h - a +0 cloak (worn)
 i - a +0 ring mail (worn)
Jewellery
 p - a ring of fire
Wands
 q - a wand of polymorph (6)
Scrolls
 b - a scroll of blinking
 d - 5 scrolls of identify {unknown}
 k - a scroll of enchant armour {unknown}
 l - 3 scrolls of magic mapping {unknown}
 n - 2 scrolls of noise {unknown}
 r - a scroll of holy word {unknown}
Potions
 e - a potion of ambrosia {unknown}
 f - a potion of magic {unknown}
 j - 3 potions of curing {unknown}
 m - a potion of lignification {unknown}
 o - 2 potions of mutation {unknown}
 s - 4 potions of flight {unknown}
 t - 3 potions of heal wounds {unknown}
 u - a potion of cancellation {unknown}
 v - a potion of might {unknown}


   Skills:
 - Level 2.1 Fighting
 - Level 0.8 Throwing
 - Level 0.8 Armour
 - Level 1.7 Dodging
 * Level 9.4 Unarmed Combat
 - Level 1.7 Spellcasting
 - Level 2.6 Translocations


You had 7 spell levels left.
You knew the following spells:

 Your Spells              Type           Power      Damage    Failure   Level
b - Blink                 Tloc           N/A        N/A       36%         2

Your spell library contained the following spells:

 Spells                   Type           Power      Damage    Failure   Level
 Gell's Gravitas          Tloc           2%         N/A       58%         3
 Lesser Beckoning         Tloc           2%         N/A       58%         3
 Teleport Other           Tloc           5%         N/A       58%         3
 Portal Projectile        Hex/Tloc       4%         N/A       77%         3
 Call Canine Familiar     Summ           0%         N/A       91%         3
 Dazzling Flash           Conj/Hex       0%         N/A       91%         3
 Iskenderun's Mystic Bla  Conj/Tloc      2%         2d3       99%         4
 Leda's Liquefaction      Hex/Erth       0%         N/A       100%        4
 Manifold Assault         Tloc           5%         N/A       100%        5
 Starburst                Conj/Fire      0%         8x6d3     100%        6


Dungeon Overview and Level Annotations

Branches:
Dungeon (5/15)            Ossuary (1/1)
 Temple: D:4-7

Altars:
Hepliaklqana
Ru
Yredelemnul


Innate Abilities, Weirdness & Mutations

You thrive by killing the living.
You are immune to poison.
You have sharp fingernails.
Your flesh is cold resistant. (rC+)
You are immune to negative energy. (rN+++)
You do not regenerate when monsters are visible.
You are immune to unholy pain and torment.


Message History

You closely miss the wraith.
The wraith is lightly damaged.
The wraith hits you!
* * * LOW HITPOINT WARNING * * *
The wraith drains your vigour!
You feel as though you will be slow longer.
The wraith hits you!
* * * LOW HITPOINT WARNING * * *
The wraith drains your vigour!
You feel as though you will be slow longer.
You scratch the wraith.
The wraith is moderately damaged.
The wraith hits you.
* * * LOW HITPOINT WARNING * * *
The wraith drains your vigour!
You feel as though you will be slow longer.
Aiming: Polymorph
Press: ? - help, Shift-Dir - straight line, f - you That beam is likely to hit you.
Continue anyway?
Okay, then.
Aiming: Polymorph
Press: ? - help, Shift-Dir - straight line, f - wraith
Aim: a wraith (moderately damaged, not susceptible)
Okay, then.
You scratch the wraith.
The wraith is moderately damaged.
The wraith hits you.
* * * LOW HITPOINT WARNING * * *
The wraith drains your vigour!
You feel as though you will be slow longer.
You scratch the wraith but do no damage.
The wraith is moderately damaged.
The wraith hits you!
* * * LOW HITPOINT WARNING * * *
The wraith drains your vigour!
You feel as though you will be slow longer.
You barely miss the wraith.
The wraith is moderately damaged.
The wraith hits you!
You die...

#......................
#......................
#..####......###......#
#..#.'...8...# #...8...
#..####......#+#......#
#............#.#.......
#......................
#..####.####.....####.#
#..#?W@.# +...8...+ ..
#..####.####.....####.#
#......................
#............#.#.......
#..####......#+#......#
#..# +...8...# #...8...
#..####......###......#
#......................
#......................


You could see a wraith.

Vanquished Creatures
  A black bear (D:4)
  3 ogres
  A wolf (D:4)
  A jelly (D:4)
  An orc priest (D:4)
  An iguana (D:5)
  2 orc wizards
  A hound skeleton (D:3)
  A mummy (Ossuary)
  6 adders
  2 white imps
  An ufetubus (D:4)
  An adder skeleton (D:4)
  A worm (D:4)
  4 dart slugs
  3 orcs
  3 endoplasms
  6 giant cockroaches
  5 goblins
  8 hobgoblins
  5 jackals
  6 quokkas
  4 ball pythons
  7 bats
  2 frilled lizards
  A gnoll zombie (Ossuary)
  3 goblin zombies (Ossuary)
  4 hobgoblin zombies (Ossuary)
  5 kobolds
  4 kobold zombies (Ossuary)
  2 rats (D:3)
95 creatures vanquished.

Notes
Turn   | Place    | Note
-------+----------+-------------------------------------------
     0 | D:1      | lunkers the Ghoul Warper began the quest for the Orb.
     0 | D:1      | Reached XP level 1. HP: 17/17 MP: 2/2
   278 | D:1      | Reached skill level 3 in Unarmed Combat
   278 | D:1      | Reached XP level 2. HP: 5/24 MP: 3/3
  1685 | D:1      | Reached XP level 3. HP: 29/29 MP: 4/4
  1733 | D:2      | Reached skill level 4 in Unarmed Combat
  1916 | D:2      | Learned a level 2 spell: Blink
  2136 | D:2      | Found a faded altar of an unknown god.
  2171 | D:2      | Reached XP level 4. HP: 36/36 MP: 5/5
  2703 | D:3      | Reached skill level 5 in Unarmed Combat
  3069 | D:3      | Found a sacrificial altar of Ru.
  3080 | D:3      | Reached XP level 5. HP: 39/41 MP: 6/6
  3445 | D:4      | Reached skill level 6 in Unarmed Combat
  3445 | D:4      | Noticed an ogre
  3446 | D:4      | Noticed an ogre
  3473 | D:4      | HP: 1/41 [ogre (3)]
  3837 | D:4      | Noticed a black bear
  3837 | D:4      | an ogre changed into a black bear
  3844 | D:4      | Killed a black bear
  3845 | D:4      | Reached XP level 6. HP: 42/48 MP: 7/7
  4001 | D:4      | Reached skill level 7 in Unarmed Combat
  4242 | D:4      | Reached skill level 8 in Unarmed Combat
  4242 | D:4      | Reached XP level 7. HP: 53/55 MP: 8/8
  4429 | D:4      | Noticed Edmund
  4430 | D:4      | Noticed Edmund
  4430 | D:4      | Edmund changed into Edmund the wolf
  4441 | D:4      | Killed Edmund the wolf
  4817 | D:4      | Found a hazy altar of Hepliaklqana.
  4820 | D:4      | Found a basalt altar of Yredelemnul.
  5183 | D:5      | Entered Level 5 of the Dungeon
  5245 | D:5      | Reached skill level 9 in Unarmed Combat
  5462 | D:5      | Found a sand-covered staircase.
  5473 | Ossuary  | Entered an ossuary
  5473 | Ossuary  | Noticed a wraith
  5473 | Ossuary  | Noticed a wraith
  5473 | Ossuary  | Noticed a wraith
  5708 | Ossuary  | Noticed a wraith
  5717 | Ossuary  | Slain by a wraith

Illustrated notes

Levels and vault maps discovered:
D:1:      dpeg_arrival_lava_temple_mockup, layout_basic
D:2:      layout_basic, chequers_ecumenical_altar_simple_redux,
          hangedman_decor_push
D:3:      layout_loops_cross, nicolae_ru_great_annihilating_truth,
          minmay_distorted
D:4:      layout_basic, nicolae_overflow_hidden_temple, uniq_edmund
D:5:      layout_basic, lightli_ossuary_entry_decrepit_ruins, serial_shops,
          nicolae_lakefront_shop, nicolae_underground_beach
Ossuary:  ossuary_kennysheep_city_of_the_dead

Skill      XL: |  1  2  3  4  5  6  7 |
---------------+----------------------+-----
Unarmed Combat | 3 4 5 6 8 9 |  9.4
Fighting       | |  2.1
Throwing       | |  0.8
Armour         | |  0.8
Dodging        | |  1.7
Spellcasting   | |  1.7
Translocations | |  2.6

Action                   |  1- 3 |  4- 6 |  7- 9 || total
-------------------------+-------+-------+-------++-------
Melee: Unarmed           |   121 |   151 |    82 ||   354
       Punch             |       |     2 |     3 ||     5
Evoke: Wand              |       |     1 |     1 ||     2
 Stab: Paralysed         |       |     1 |       ||     1
Armor: Leather armour    |     8 |       |       ||     8
       Ring mail         |    40 |    52 |    18 ||   110
Dodge: Dodged            |    76 |    72 |    18 ||   166

Table legend: (Time is in decaauts)
 A = Elapsed time spent in this place.
 B = Non-inter-level travel time spent in this place.
 C = Inter-level travel time spent in this place.
 D = Time resting spent in this place.
 E = Time spent auto-exploring this place.
 F = Levels seen in this place.
 G = Mean time per level.
                   A        B        C        D        E       F      G
               +--------+--------+--------+--------+--------+-----+--------+
         Total |   5684 |   5384 |    300 |    300 |   4313 |   6 |  947.3 |
       Dungeon |   5444 |   5144 |    300 |    300 |   4131 |   5 | 1088.8 |
       Ossuary |    239 |    239 |      0 |      0 |    182 |   1 |  239.0 |
               +--------+--------+--------+--------+--------+-----+--------+

Top non-repeatable levels by time:
     D:1: 1655 daAuts
     D:4: 1395 daAuts
     D:3: 1186 daAuts
     D:2: 920 daAuts
     D:5: 287 daAuts
 Ossuary: 239 daAuts
